 Dungeon Crawl Stone Soup version 0.31-a0-1370-gf52a5a9ab3 (webtiles) character file.

Game seed: 9017387286609852687

272 Sonofthefire the Ruffian (level 6, -2/64 HPs)
             Began as an Octopode Shapeshifter on Dec 24, 2023.
             Slain by an ogre
             ... wielding a +0 giant club
              (22 damage)
             ... on level 4 of the Dungeon.
             The game lasted 00:02:02 (2416 turns).

Sonofthefire the Ruffian (Octopode Shapeshifter)    Turns: 2416, Time: 00:02:02

Health: -2/64      AC: 23    Str: 15    XL:     6   Next: 23%
Magic:  6/6        EV:  2    Int: 12    God:
Gold:   257        SH:  0    Dex: 12    Spells: 5/5 levels left

rFire   . .          .
                       - Unarmed
rCold   . . .        (no shield)
rNeg    . . .        (helmet currently unavailable)
rPois   +            (no amulet)
rElec   .            (no ring)
rCorr   .            (no ring)
SInv    .            (no ring)
Will    .....        (no ring)
Stlth   +            (no ring)
HPRegen 0.30/turn    (no ring)
MPRegen 0.10/turn    (no ring)
                     (no ring)

%: no passive effects
@: tree-form
A: stationary, stasis, torment immunity, boosted hp, almost no armour,
(amphibious), 8 rings, (camouflage 1), (gelatinous body 1), (nimble swimmer 1),
(tentacles)
a: no special abilities


You were on level 4 of the Dungeon.
You were a tree.
You visited 1 branch of the dungeon, and saw 4 of its levels.

You collected 257 gold pieces.

Inventory:

Talismans
 b - a beast talisman
 c - a flux talisman
Wands
 p - a wand of flame (16)
Scrolls
 d - 6 scrolls of identify {unknown}
 e - 2 scrolls of poison {unknown}
 g - a scroll of revelation {unknown}
 j - a scroll of vulnerability {unknown}
 k - a scroll of fear {unknown}
 l - a scroll of teleportation {unknown}
 m - 2 scrolls of immolation {unknown}
 n - a scroll of acquirement {unknown}
 r - a scroll of enchant armour {unknown}
Potions
 f - a potion of might {unknown}
 h - a potion of magic {unknown}
 i - 4 potions of curing {unknown}
 o - a potion of attraction {unknown}
 q - a potion of brilliance {unknown}


   Skills:
 * Level 3.9 Fighting
 - Level 2.0 Dodging
 + Level 5.5 Unarmed Combat
 - Level 3.0 Shapeshifting


You had 5 spell levels left.
You didn't know any spells.
Your spell library contained the following spells:

 Spells                   Type           Power      Damage    Failure   Level
 Inner Flame              Hex/Fire       0%         N/A       69%         3
 Flame Wave               Conj/Fire      0%         2d4       97%         4
 Sticky Flame             Fire/Alch      0%         2d4       97%         4


Dungeon Overview and Level Annotations

Branches:
Dungeon (4/15)
 Temple: D:4-7

Altars:
Uskayaw

Shops:
D:2 (

Annotations:
D:4 1 runed translucent door, Crazy Yiuf


Innate Abilities, Weirdness & Mutations

You are a tree.
Your roots penetrate the ground, keeping you stationary.
You cannot be teleported.
You are immune to unholy pain and torment.
Your maximum health is greatly increased.
You cannot wear most types of armour.
((You are amphibious.))
You can wear up to eight rings at the same time.
((Your skin changes colour to match your surroundings (Stealth+).))
((Your rubbery body absorbs attacks. (AC +1, EV +1)))
((You are camouflaged when in or above water. (Stealth+)))
((You have tentacles for arms and can constrict up to eight enemies at once.))


Message History

A hobgoblin is nearby!
You bludgeon the hobgoblin!
You kill the hobgoblin!
Things that are here:
5 stones; a +0 leather armour; a hobgoblin corpse
r - a scroll labelled FOALYTTU MEPH No target in view!
Found a hammer.
Found a runed translucent door.
No target in view!
Crazy Yiuf shouts!
Crazy Yiuf laughs, "Ten!"
Things that are here:
5 stones; a +0 leather armour; a hobgoblin corpse You see here a +0 helmet.
A jelly comes into view.
A jelly is nearby!
A jelly is nearby!
An ogre comes into view. It is wielding a +0 giant club.
The ogre shouts!
The jelly quivers.
There are monsters nearby!
A goblin comes into view. It is wielding a +0 dagger.
There are monsters nearby!
The jelly hits you.
You are splashed with acid!
Your transformation has ended.
You turn into a tree.
Your roots penetrate the ground.
The jelly barely misses you.
You hit the jelly.
Your branches burn!
The jelly is moderately wounded.
The jelly hits you.
You are splashed with acid.
You hit the jelly.
Your branches burn!
The jelly is heavily wounded.
You smack the jelly!
You kill the jelly!
You closely miss the ogre. The ogre hits you with a +0 giant club!
You smack the ogre!
The ogre is severely wounded.
You hear a shout!
The ogre hits you with a +0 giant club!!
You die...

######################## ####
#......................#
...######.####################.##
##..........###### #...
########........######## ####
#................
#..#####.#######. #..# #.# #..#
#♣# #..# #O# ...# #.# .#.##
#....g... ......... #......#..
#........ #......#.# #####
#......# .


You could see an ogre.

Vanquished Creatures
  A hound (D:4)
  A jelly (D:4)
  Ijyb (D:4)
  Natasha (thrice) (D:2)
  An iguana (D:4)
  Robin (D:4)
  An adder (D:2)
  2 dart slugs
  An orc (D:3)
  3 endoplasms
  2 giant cockroaches
  17 goblins
  4 hobgoblins
  2 jackals (D:4)
  4 quokkas
  6 ball pythons
  2 bats
  2 frilled lizards (D:3)
  6 kobolds
  7 rats
67 creatures vanquished.

Notes
Turn   | Place    | Note
-------+----------+-------------------------------------------
     0 | D:1      | Sonofthefire the Octopode Shapeshifter began the quest for
                  | the Orb.
     0 | D:1      | Reached XP level 1. HP: 13/13 MP: 1/1
   202 | D:1      | Reached XP level 2. HP: 18/18 MP: 2/2
   550 | D:2      | Noticed Natasha
   555 | D:2      | Killed Natasha
   556 | D:2      | Reached skill level 4 in Unarmed Combat
   556 | D:2      | Reached XP level 3. HP: 23/23 MP: 3/3
   730 | D:2      | Found Lafuh's Antique Weapon Shop.
   776 | D:2      | Reached XP level 4. HP: 28/28 MP: 4/4
   868 | D:2      | Noticed Natasha
   873 | D:2      | Killed Natasha
  1182 | D:2      | Noticed Natasha
  1191 | D:2      | Killed Natasha
  1192 | D:2      | Reached skill level 5 in Unarmed Combat
  1192 | D:2      | Reached XP level 5. HP: 29/35 MP: 5/5
  1232 | D:3      | Found a faded altar of an unknown god.
  1247 | D:3      | Found a hide-covered altar of Uskayaw.
  1781 | D:4      | Noticed Robin
  1796 | D:4      | Killed Robin
  1894 | D:4      | Noticed Ijyb
  1902 | D:4      | Killed Ijyb
  2223 | D:4      | Reached XP level 6. HP: 42/43 MP: 6/6
  2305 | D:4      | Found a runed translucent door.
  2306 | D:4      | Noticed Crazy Yiuf
  2416 | D:4      | Slain by an ogre

Illustrated notes

Levels and vault maps discovered:
D:1:      minmay_arrival_hallway, layout_basic, serial_forest,
          infiniplex_forest_clump_small, infiniplex_forest_lined_4_way,
          infiniplex_forest_straight_5, infiniplex_forest_clump_large,
          infiniplex_forest_clump_diagonal, infiniplex_forest_lined_room_,
          infiniplex_forest_end_3
D:2:      layout_loops_ring, serial_shops, shop, uniq_natasha
D:3:      layout_rooms, eat_drink_and_be_merry_uskayaw,
          ebering_ecumenical_altar_box
D:4:      layout_loops_ring, uniq_robin, uniq_ijyb, uniq_crazy_yiuf_cottage

Skill      XL: |  1  2  3  4  5 |
---------------+----------------+-----
Unarmed Combat | 4 5 |  5.5
Fighting       | 2 3 |  3.9
Dodging        | |  2.0
Shapeshifting  | |  3.0

Action                     |  1- 3 |  4- 6 || total
---------------------------+-------+-------++-------
  Melee: Unarmed           |    37 |    92 ||   129
         Constrict         |    12 |    18 ||    30
         Tentacles         |     7 |    21 ||    28
         Punch             |     3 |     2 ||     5
    Use: Potion            |       |     1 ||     1
   Stab: Sleeping          |     5 |     2 ||     7
 Armour: Skin              |    17 |    40 ||    57
  Dodge: Dodged            |    23 |    43 ||    66

Table legend: (Time is in decaauts)
 A = Elapsed time spent in this place.
 B = Non-inter-level travel time spent in this place.
 C = Inter-level travel time spent in this place.
 D = Time resting spent in this place.
 E = Time spent auto-exploring this place.
 F = Levels seen in this place.
 G = Mean time per level.
                   A        B        C        D        E       F      G
               +--------+--------+--------+--------+--------+-----+--------+
         Total |   2405 |   2351 |     54 |    300 |   1680 |   4 |  601.2 |
       Dungeon |   2405 |   2351 |     54 |    300 |   1680 |   4 |  601.2 |
               +--------+--------+--------+--------+--------+-----+--------+

Top non-repeatable levels by time:
     D:2: 673 daAuts
     D:4: 631 daAuts
     D:3: 554 daAuts
     D:1: 546 daAuts
